cohdb
Replays
Latest Replays
All Replays
Popular Replays
Top Player Replays
Match Explorer
How It Works
Community
CoH3 Stats
Reddit
Sign in to upload your games and track your stats! →
Sign in with Steam
Match 47484040
Unlisted
Match 47484040
Overview
Messages
Build Orders
End
Construct Section Command Post
Dingo Light Scout Car
Infantry Section
Vickers Machine Gun Team
Infantry Section
Construct Platoon Command Post
Unlock Bishop Self-propelled Artillery
6-pounder Anti-tank Gun Team
Bishop Self-propelled Artillery
Selects Air and Sea Battlegroup
Selects Commando Section Paradrop
Commando Section Paradrop
Selects Supply Surplus
Construct Resource Cache
Construct Resource Cache
Selects UNKNOWN (223837)
Construct Company Command Post
Foot Guards Section
Crusader II Medium Tank
Selects Commando Support Section Paradrop
Royal Engineer Section
Selects Incendiary Bombing Run
Crusader II Medium Tank
Infantry Training
Crusader II Medium Tank
Selects Anti-tank Rocket Loiter
Construct Resource Cache
Armored Vehicle Training
Royal Engineer Section
Anti-tank Rocket Loiter
Construct Resource Cache
Construct Resource Cache
Anti-tank Rocket Loiter
Crusader II Medium Tank
Crusader II Medium Tank
Construct Resource Cache
Anti-tank Rocket Loiter
Crusader II Medium Tank
LeeInfy
Kitasan
ckdgus813
Starbuckshunter
MUDDYBOOTZ
CUI
企鹅爱子
Tanith's Finest
0
0
Comments
sign in to comment!
No comments posted yet!